 Dungeon Crawl Stone Soup version 0.23-a0-558-g30802b1 (webtiles) character file.

2 Amnesiac the Ducker (level 1, -6/11 HPs)
             Began as a Spriggan Berserker on Dec 11, 2018.
             Mangled by a wyvern skeleton (11 damage)
             ... on level 6 of the Dungeon.
             The game lasted 00:02:49 (855 turns).

Amnesiac the Ducker (Spriggan Berserker)             Turns: 855, Time: 00:02:49

Health: -6/11      AC:  2    Str: 13    XL:     1   Next: 33%
Magic:  2/2        EV: 19    Int:  8    God:
Gold:   10         SH:  0    Dex: 15    Spells: 0/0 levels left

rFire    . . .     SeeInvis +   a - +0 short sword
rCold    . . .     Gourm    .   (shield restricted)
rNeg     . . .     Faith    .   b - +0 animal skin
rPois    .         Spirit   .   (helmet restricted)
rElec    .         Reflect  .   (no cloak)
rCorr    +         Harm     .   (gloves unavailable)
MR       +....                  (boots unavailable)
Stlth    ++........             (no amulet)
HPRegen  0.03/turn              h - ring of protection from magic
MPRegen  0.08/turn              e - ring of resist corrosion

@: very slightly contaminated, invisible, very quick
A: very small, unfitting armour, see invisible, herbivore, speed 3, slow
metabolism 2
a: no special abilities


You were on level 6 of the Dungeon.
You were not hungry.

You visited 1 branch of the dungeon, and saw 6 of its levels.

You collected 10 gold pieces.

Inventory:

Hand Weapons
 a - a +0 short sword (weapon)
 i - a +0 hunting sling of flaming
Armour
 b - a +0 animal skin (worn)
Jewellery
 e - a ring of resist corrosion (right hand)
 h - a ring of protection from magic (left hand)
Scrolls
 d - a scroll of enchant armour {!r, unknown}
 g - 2 scrolls of remove curse {!r, unknown}
Comestibles
 c - a ration


   Skills:
 - Level 2.4 Fighting
 - Level 3.2 Short Blades
 + Level 0.0 Slings
 - Level 4.4 Dodging
 - Level 1.4 Stealth


You couldn't memorise any spells.
You didn't know any spells.
Your spell library was empty.

Dungeon Overview and Level Annotations

Branches:
Dungeon (6/15)
 Temple: D:4-7

Altars:

Annotations:
D:4 1 runed door, Edmund; derval's ghost, amateur DDEE


Innate Abilities, Weirdness & Mutations

You are very small and have problems with some larger weapons.
You are too small for most types of armour.
You have supernaturally acute eyesight. (SInv)
You are a herbivore.
You cover ground extremely quickly.
You need to consume almost no food.


Message History

Wield which item (- for none, * to show all)? (? for menu, Esc to quit)
Your +0 hunting sling of flaming stops flaming.
a - a +0 short sword (weapon)
You start resting.
HP restored.
You open the door.
A worker ant comes into view.
The worker ant twitches its antennae in your direction.
Found 9 gold pieces.
There is an open door here.
As you open the door, it creaks loudly!
There is an open door here.
A worker ant comes into view.
The worker ant moves out of view.
You close the door.
The worker ant twitches its antennae in your direction.
You open the door.
There is an open door here.
Found 14 gold pieces and a trident.
As you close the door, it creaks loudly!
Found a stone staircase leading down.
A centaur comes into view.
There is a stone staircase leading down here.
The centaur wields a +0 shortbow.
The centaur shoots an arrow.
The arrow hits you.
Things that are here:
an arrow; 14 gold pieces
There is a stone staircase leading down here.
The centaur shoots an arrow.
The arrow barely misses you.
The centaur shoots an arrow.
The arrow misses you.
You climb downwards.
A bullfrog, a centaur and a skeleton come into view.
The centaur shouts!
Found a stone staircase leading up and a stone staircase leading down.
There is a stone staircase leading up here.
A worker ant comes into view.
The worker ant twitches its antennae in your direction.
The worker ant misses you.
Really quaff
f - a silvery potion {!q}?
It was a potion of invisibility {!q}.
You fade into invisibility!
The worker ant misses you.
You are very lightly contaminated with residual magic.
You hit the worker ant but do no damage.
The worker ant misses you.
You hit the worker ant but do no damage.
The worker ant barely misses you.
You catch the helpless worker ant completely off-guard!
You hit the worker ant.
The worker ant is moderately wounded.
The wyvern skeleton completely misses you.
The wyvern skeleton closely misses you. The worker ant bites you.
* * * LOW HITPOINT WARNING * * *
You catch the helpless worker ant completely off-guard!
You hit the worker ant.
The worker ant is heavily wounded.
The worker ant completely misses you.
You catch the helpless worker ant completely off-guard!
You puncture the worker ant!
The worker ant is almost dead.
The wyvern skeleton bites you!
Ouch! That really hurt!
You die...

#.# #.# ...
#.# #.# #.#
#a# #@## #Z.#
######c####..
#.............
#...<......###
#..........#
#.......<..#
#...>......#
#..........#


You could see a centaur, a worker ant and a wyvern skeleton.

Vanquished Creatures
  A goblin (D:3)
  A jackal (D:5)
2 creatures vanquished.

Notes
Turn   | Place    | Note
-------+----------+-------------------------------------------
     0 | D:1      | Amnesiac the Spriggan Berserker began the quest for the
                  | Orb.
     0 | D:1      | Reached XP level 1. HP: 11/11 MP: 2/2
     0 | D:1      | Fell from the grace of Trog
    38 | D:2      | Found a faded altar of an unknown god.
   150 | D:4      | Noticed Edmund
   169 | D:4      | Noticed a worker ant
   184 | D:4      | Noticed a worker ant
   190 | D:4      | Found a runed door.
   190 | D:4      | Noticed derval's ghost (amateur DDEE)
   221 | D:5      | Entered Level 5 of the Dungeon
   227 | D:5      | Reached skill level 1 in Stealth
   542 | D:5      | Noticed an iguana
   616 | D:5      | Noticed an ice beast
   820 | D:5      | Noticed a worker ant
   825 | D:5      | Noticed a worker ant
   839 | D:5      | Noticed a centaur
   845 | D:6      | Noticed a bullfrog
   845 | D:6      | Noticed a centaur
   847 | D:6      | Noticed a worker ant
   855 | D:6      | Mangled by a wyvern skeleton

Vault maps used:
D:1:      lightli_arrival_lavapool, lemuel_old_faithful
D:2:      chequers_ecumenical_altar_simple, uniq_sigmund
D:3:      cheibrodos_helix_gallery, serial_rivers,
          chequers_serial_rivers_micro_d, chequers_serial_rivers_room_a,
          chequers_serial_rivers_micro_d, chequers_serial_rivers_micro_d,
          chequers_serial_rivers_micro_e, chequers_serial_rivers_micro_d
D:4:      lemuel_castle_with_subvaults, ebering_ghost_sewer_f, st_stairs_1,
          uniq_edmund, uniq_duvessa, uniq_blork_the_orc, uniq_ijyb
D:5:      first_ration
D:6:      minmay_misc_feat_iff, hex_medium, uniq_pikel

Skill      XL: |  1 |
---------------+----+-----
Stealth        | 1 |  1.4
Fighting       | |  2.4
Short Blades   | |  3.2
Dodging        | |  4.4

Action                   || total
-------------------------++-------
Melee: Short sword       ||    12
Invok: Renounce Religion ||     1
  Use: Potion            ||     2
 Stab: Invisible         ||     3
       Sleeping          ||     1
Armor: Animal skin       ||     6
       Skin              ||     1
Dodge: Dodged            ||    56

Table legend:
 A = Non-vault XP
 B = Vault XP
 C = Vault XP percentage of total XP
 D = Non-vault monster count
 E = Vault monster count
 F = Vault count percentage of total count
                 A         B        C        D         E       F
            +---------+---------+-------+---------+---------+-------
      Total |       2 |       2 |  50.0 |       1 |       1 |  50.0
            +---------+---------+-------+---------+---------+-------
        D:3 |       2 |       0 |   0.0 |       1 |       0 |   0.0
        D:5 |       0 |       2 | 100.0 |       0 |       1 | 100.0
            +---------+---------+-------+---------+---------+-------
